cohdb
Replays
Latest Replays
All Replays
Popular Replays
Top Player Replays
Match Explorer
How It Works
Community
CoH3 Stats
Reddit
Sign in to upload your games and track your stats! →
Sign in with Steam
Match 26384298
Unlisted
Match 26384298
Overview
Messages
Build Orders
End
Construct Weapon Support Center
Engineer Squad
Sniper
Bazooka Squad
Infantry Support Center
Selects Airborne Battlegroup
Selects Pathfinders
Selects Paratrooper Squad Paradrop
Paratrooper Squad Paradrop
Paratrooper Squad Paradrop
Construct Medical Station
Munitions Surplus
Selects Anti-tank Gun Team Paradrop
Advanced Logistics
Survival Training
Selects Recon Loiter
Paratrooper Squad Paradrop
Anti-tank Gun Team Paradrop
Construct Tank Depot
Selects Supply Drop
Selects Dual P-47 Rocket Strike
ConcernedApe
Hydra7-1
mr_ako
jiro
0
0
Comments
sign in to comment!
No comments posted yet!